 Dungeon Sprint DCSS version 0.19-a0-1886-gd64a0f0 (webtiles) character file.

67014 Loading the End of an Era (level 15, -5/135 HPs)
             Began as a Formicid Fighter on Oct 15, 2016.
             Was the Champion of Qazlal.
             Slain by a tentacled monstrosity (8 damage)
             ... summoned by Mnoleg
             ... in the Dungeon (Sprint IX: "|||||||||||||||||||||||||||||").
             The game lasted 00:18:07 (3850 turns).

Loading the End of an Era (Formicid Fighter)        Turns: 3850, Time: 00:18:08

Health: -5/135     AC: 30    Str: 22    XL:     15   Next: 64%
Magic:  20/31      EV:  5    Int:  8    God:    Qazlal [******]
Gold:   1491       SH: 25    Dex: 28    Spells: 0 memorised, 14 levels left

rFire  . . .     SeeInvis +     F - +1 glaive
rCold  . . .     Gourm    .     h - +2 plate armour {rPois}
rNeg   . . .     Faith    .     c - +0 shield
rPois  +         Spirit   .     (helmet unavailable)
rElec  .         Dismiss  .     r - +0 cloak
rCorr  .         Reflect  .     j - +0 pair of gloves of Hepliaklqana's Esteem {Dex+4}
MR     +....     Harm     .     G - +2 pair of boots of Thoughtfulness {Dex+3}
Stlth  ..........               (no amulet)
                                u - +3 ring of dexterity
                                t - +3 ring of dexterity

@: protected from physical damage, constricted, repel missiles
A: permanent stasis, dig shafts and tunnels, four strong arms, antennae 3
a: Dig, Upheaval, Elemental Force, Disaster Area, Renounce Religion


You were in the Dungeon.
You worshipped Qazlal.
Qazlal was exalted by your worship.
You were not hungry.

You visited 1 branch You collected 1916 gold pieces.
You spent 425 gold pieces at shops.

Inventory:

Hand Weapons
 p - a +4 halberd of protection
 F - a +1 glaive (weapon)
Armour
 c - a +0 shield (worn)
 h - a +2 plate armour of poison resistance (worn)
 j - the +0 pair of gloves of Hepliaklqana's Esteem (worn) {Dex+4}
   (You bought it in a shop in the Dungeon)

   It affects your dexterity (+4).
 r - a +0 cloak (worn)
 G - the +2 pair of boots of Thoughtfulness (worn) {Dex+3}
   (You found it in the Dungeon)

   It affects your dexterity (+3).
Jewellery
 t - a +3 ring of dexterity (left hand)
 u - a +3 ring of dexterity (right hand)
 B - an uncursed ring of wizardry
 C - an uncursed ring of protection from cold
 D - an uncursed ring of ice
 E - an uncursed ring of fire
Wands
 o - a wand of lightning (7/15)
 w - a wand of acid (8/15)
Scrolls
 l - a scroll of fear
 m - 2 scrolls of remove curse
 n - 2 scrolls of amnesia
 v - 4 scrolls of identify
 x - 2 scrolls of fog
Potions
 a - 3 potions of might
 b - a potion of heal wounds
 d - a potion of resistance
 e - 7 potions of curing
 g - 3 potions of agility
 i - a potion of magic
 k - a potion of lignification {unknown}
 q - a potion of brilliance
 H - a potion of cure mutation
Comestibles
 f - 13 bread rations
 s - 28 chunks of flesh
 z - 30 fruits
 A - 12 meat rations


   Skills:
 + Level 17.7 Fighting
 * Level 21.6 Polearms
 + Level 17.7 Armour
 + Level 19.2 Shields
 * Level 24.0 Invocations


You had 14 spell levels left.
You didn't know any spells.

Dungeon Overview and Level Annotations

Branches:
Dungeon (1/1)

Altars:
Cheibriados
Dithmenos
Elyvilon
Fedhas
Gozag
Hepliaklqana
Kikubaaqudgha
Makhleb
Nemelex Xobeh
Okawaru
Qazlal
Ru
Sif Muna
Trog
Uskayaw
Vehumet
Xom
Yredelemnul
Zin
The Shining One
Beogh
Jiyva
Lugonu

Shops:
D [[!(

Annotations:
D Gloorx Vloq, Mnoleg


Innate Abilities, Weirdness & Mutations

You are under a permanent stasis effect.
You can dig through walls and to a lower floor.
Your four strong arms can wield two-handed weapons with a shield.
You have a pair of large antennae on your head. (SInv)


Message History

The tentacled monstrosity barely misses you.
The tentacled monstrosity tentacle-slaps you but does no damage.
The tentacled monstrosity constricts you!
Magic courses through your body.
Gloorx Vloq calls on the powers of darkness!
Your body is wracked with pain!
* * * LOW HITPOINT WARNING * * *
You block Mnoleg's attack. Mnoleg tentacle-slaps you!
* * * LOW HITPOINT WARNING * * *
Mnoleg gores you but does no damage. Mnoleg kicks you!
* * * LOW HITPOINT WARNING * * *
The Executioner gestures.
The Executioner seems to speed up.
The tentacled monstrosity is struck by lightning.
You block the tentacled monstrosity's attack.
The tentacled monstrosity tentacle-slaps you.
* * * LOW HITPOINT WARNING * * *
You feel more protected from physical attacks.
You block the tentacled monstrosity's attack.
You die...

,*,*+*,*,*,*,*,▓+▓.♣.♣.▓)▓.▓!▓.▓.
,*,*,*,*,*,*,*,▓)▓.♣≈♣.▓.▓(▓.▓.▓.
,*,*,*,*,*,*,*,▓≈▓.♣%♣.▓.▓.▓.▓.▓.
,*,*,*,*,*,*,*,▓§▓.♣.♣.▓.▓.▓.▓.▓.
,*,*,*,*,*,*,*,▓1▓.♣.♣.▓.▓.▓[▓.▓.
,*,*,*,*,*,*,*,▓X▓.♣.♣.▓.▓.▓.▓.▓%
,*,*,*,*,*,*,*,▓&▓.♣.♣.▓(▓.▓.▓.▓.
,*,*,*,*,*,*,*,▓&▓.♣.♣.▓.▓.▓.▓.▓.
,*,*,*,*,*,*,*,▓@▓.♣.♣.▓(▓.▓.▓.▓.
,*,*,*,*,*,*,*,▓X▓.▓%▓.▓.▓.▓)▓.▓.
,*,*,*,*,*,*,*,▓)▓.▓%▓.▓(▓.▓∩▓.▓.
,*,*,*,*,*,*,*,▓)▓.▓.▓)▓)▓.▓)▓.▓.
,*,*,*,*,*,*,*,▓≈▓.▓.▓.▓(▓.▓∩▓.▓.
,*,*,*,*+*,*,*{▓)▓.▓.▓.▓.▓.▓.▓.▓.
,*,*,*,*,*,*,*,▓≈▓.▓%▓.▓.▓.▓∩▓.▓.
,*,*,*,*,*,*,*,▓≈▓.▓.▓)▓)▓.▓)▓.▓.
,*,*,*,*,*,*,*,*,▓.▓.▓.▓(▓.▓∩▓.▓[


You could see Gloorx Vloq, Mnoleg, 2 tentacled monstrosities and an Executioner.

Vanquished Creatures
  A lich (D)
  Gastronok (D)
  A storm dragon (D)
  3 fire giants (D)
  A vault warden (D)
  An entropy weaver (D)
  An ironheart preserver (D)
  A very ugly thing (D)
  6 stone giants (D)
  Nessos (D)
  3 spark wasps (D)
  A merfolk javelineer (D)
  Snorg (D)
  A fire dragon (D)
  2 yaktaur captains (D)
  Erolcha (D)
  3 hydras (D)
  A naga warrior (D)
  Harold (D)
  2 ice dragons (D)
  A death knight (D)
  An alligator (D)
  2 centaur warriors (D)
  2 ogre magi (D)
  A deep troll shaman (D)
  A deep troll earth mage (D)
  A spriggan berserker (D)
  A naga sharpshooter (D)
  9 orc high priests (D)
  2 deep elf knights (D)
  Urug (D)
  A sea snake (D)
  An unseen horror (D)
  2 hill giants (D)
  A harpy (D)
  9 orc knights (D)
  A mana viper (D)
  2 ironbrand convokers (D)
  3 manticores (D)
  An orc sorcerer (D)
  An ugly thing (D)
  A cyclops (D)
  2 wolf spiders (D)
  2 guardian serpents (D)
  Joseph (D)
  2 black mambas (D)
  A naga mage (D)
  A gargoyle (D)
  2 spiny frogs (D)
  A kobold demonologist (D)
  A rime drake (shapeshifter) (D)
  A rime drake (D)
  3 yaktaurs (D)
  A demonic crawler (D)
  A guardian mummy (D)
  A tengu conjurer (D)
  A two-headed ogre (shapeshifter) (D)
  3 jumping spiders (D)
  A hornet (D)
  A merfolk (D)
  A two-headed ogre (D)
  A tyrant leech (D)
  2 blink frogs (D)
  A snapping turtle (D)
  A bog body (D)
  A shadow (D)
  2 tarantellas (D)
  A water elemental (D)
  3 yaks (D)
  A vampire (D)
  3 vampire mosquitoes (D)
  2 wargs (D)
  2 nagas (D)
  An insubstantial wisp (D)
  4 water moccasins (D)
  2 hell hounds (D)
  3 porcupines (D)
  A swamp drake (D)
  A necrophage (D)
  8 orc warriors (D)
  2 ogres (D)
  4 wolves (D)
  2 crocodiles (D)
  2 bullfrogs (D)
  A crimson imp (D)
  3 orc priests (D)
  6 orc wizards (D)
  An iguana (D)
  A gnoll (D)
  An adder skeleton (D)
  6 orcs (D)
  A bat skeleton (D)
  2 goblins (D)
  2 hobgoblins (D)
  A jackal skeleton (D)
  A kobold (D)
  A quokka simulacrum (D)
182 creatures vanquished.

Notes
Turn   | Place    | Note
-------+----------+-------------------------------------------
     0 | D        | Loading the Formicid Fighter began the quest for the Orb.
     0 | D        | Reached XP level 1. HP: 18/18 MP: 1/1
    52 | D        | Noticed an ogre
    52 | D        | Noticed a crimson imp
    52 | D        | Noticed an iguana
    61 | D        | Reached XP level 2. HP: 23/25 MP: 2/2
    63 | D        | Killed an ogre
    63 | D        | Reached skill level 5 in Fighting
    63 | D        | Reached skill level 5 in Polearms
    63 | D        | Reached skill level 5 in Armour
    63 | D        | Reached skill level 5 in Shields
    63 | D        | Reached XP level 3. HP: 31/33 MP: 3/3
    63 | D        | Reached XP level 4. HP: 37/39 MP: 4/4
    64 | D        | Reached XP level 5. HP: 43/46 MP: 5/5
    92 | D        | Found a roughly hewn altar of Beogh.
    92 | D        | Found a snail-covered altar of Cheibriados.
    92 | D        | Found a shadowy altar of Dithmenos.
    92 | D        | Found a white marble altar of Elyvilon.
    92 | D        | Found a blossoming altar of Fedhas.
    92 | D        | Found an opulent altar of Gozag.
    93 | D        | Found a hazy altar of Hepliaklqana.
    94 | D        | Found a viscous altar of Jiyva.
    95 | D        | Found an ancient bone altar of Kikubaaqudgha.
    96 | D        | Found a corrupted altar of Lugonu.
    97 | D        | Found a burning altar of Makhleb.
    98 | D        | Found a sparkling altar of Nemelex Xobeh.
    99 | D        | Found an iron altar of Okawaru.
   100 | D        | Found a stormy altar of Qazlal.
   101 | D        | Found a sacrificial altar of Ru.
   102 | D        | Found a deep blue altar of Sif Muna.
   103 | D        | Found a bloodstained altar of Trog.
   104 | D        | Found a hide-covered altar of Uskayaw.
   105 | D        | Found a radiant altar of Vehumet.
   106 | D        | Found a shimmering altar of Xom.
   107 | D        | Found a basalt altar of Yredelemnul.
   108 | D        | Became a worshipper of Qazlal Stormbringer
   109 | D        | Found a glowing silver altar of Zin.
   110 | D        | Found a glowing golden altar of the Shining One.
   170 | D        | Noticed an ogre
   170 | D        | Noticed a two-headed ogre
   170 | D        | Noticed a water moccasin
   170 | D        | Noticed a necrophage
   172 | D        | Reached skill level 2 in Invocations
   172 | D        | Reached XP level 6. HP: 52/52 MP: 5/7
   175 | D        | Killed a two-headed ogre
   175 | D        | Reached * piety under Qazlal
   175 | D        | Reached skill level 5 in Invocations
   175 | D        | Reached XP level 7. HP: 60/60 MP: 5/11
   177 | D        | Reached skill level 6 in Invocations
   183 | D        | Killed a water moccasin
   183 | D        | Reached skill level 7 in Invocations
   193 | D        | Reached ** piety under Qazlal
   269 | D        | Noticed a yak
   269 | D        | Noticed a gargoyle
   269 | D        | Noticed a hill giant
   277 | D        | Killed a yak
   277 | D        | Reached skill level 8 in Invocations
   277 | D        | Reached XP level 8. HP: 68/68 MP: 12/14
   278 | D        | Reached *** piety under Qazlal
   290 | D        | Killed a gargoyle
   290 | D        | Reached skill level 10 in Polearms
   290 | D        | Reached skill level 9 in Invocations
   307 | D        | Killed a hill giant
   307 | D        | Reached skill level 10 in Shields
   307 | D        | Reached skill level 10 in Invocations
   307 | D        | Reached XP level 9. HP: 14/76 MP: 11/16
   697 | D        | Noticed a black mamba
   697 | D        | Noticed a blink frog
   708 | D        | Killed a blink frog
   724 | D        | Killed a black mamba
   724 | D        | Reached **** piety under Qazlal
   724 | D        | Reached skill level 11 in Invocations
   736 | D        | Reached skill level 10 in Armour
   737 | D        | Reached skill level 10 in Fighting
   740 | D        | Reached skill level 12 in Invocations
   740 | D        | Reached XP level 10. HP: 61/85 MP: 11/19
   918 | D        | Noticed a rime drake
   918 | D        | Noticed a four-headed hydra
   929 | D        | Killed a rime drake
   929 | D        | Killed a six-headed hydra
   929 | D        | Reached skill level 13 in Invocations
   930 | D        | Noticed a spiny frog
   939 | D        | Reached ***** piety under Qazlal
   954 | D        | Killed a spiny frog
  1163 | D        | Reached ****** piety under Qazlal
  1172 | D        | Reached skill level 14 in Invocations
  1285 | D        | Noticed Gastronok
  1301 | D        | Killed Gastronok
  1301 | D        | Reached XP level 11. HP: 58/95 MP: 10/22
  1490 | D        | Noticed an orc knight
  1491 | D        | Reached skill level 15 in Invocations
  1491 | D        | Killed an orc knight
  1573 | D        | Noticed an orc high priest
  1573 | D        | Noticed an orc sorcerer
  1573 | D        | Noticed an orc knight
  1574 | D        | Killed an orc sorcerer
  1574 | D        | Killed an orc knight
  1578 | D        | Killed an orc high priest
  1583 | D        | Noticed an orc high priest
  1599 | D        | Killed an orc high priest
  1599 | D        | Reached skill level 15 in Polearms
  1599 | D        | Reached skill level 16 in Invocations
  1729 | D        | Found Mugh's Armour Emporium.
  1729 | D        | Noticed an orc high priest
  1729 | D        | Noticed an orc knight
  1729 | D        | Noticed an orc knight
  1729 | D        | Noticed an orc knight
  1729 | D        | Noticed an orc high priest
  1730 | D        | Killed an orc knight
  1730 | D        | Killed an orc knight
  1730 | D        | Reached XP level 12. HP: 92/103 MP: 24/24
  1730 | D        | Killed an orc high priest
  1730 | D        | Killed an orc high priest
  1731 | D        | Noticed an orc high priest
  1732 | D        | Found Gacoe's Armour Shoppe.
  1734 | D        | Found Uniss's Distillery.
  1735 | D        | Reached skill level 17 in Invocations
  1736 | D        | Killed an orc high priest
  1737 | D        | Noticed an orc high priest
  1738 | D        | Found Moruup's Antique Weapon Shoppe.
  1738 | D        | Noticed an orc high priest
  1740 | D        | Killed an orc high priest
  1740 | D        | Killed an orc high priest
  1743 | D        | Noticed an orc high priest
  1754 | D        | Killed an orc high priest
  1756 | D        | Killed an orc high priest
  1862 | D        | Bought the cursed +0 pair of gloves of Hepliaklqana's Esteem {Dex+4} for 185 gold pieces
  1868 | D        | Bought a potion of curing for 30 gold pieces
  1868 | D        | Bought a potion of agility for 40 gold pieces
  1868 | D        | Bought a potion of heal wounds for 50 gold pieces
  1868 | D        | Bought a potion of curing for 30 gold pieces
  1868 | D        | Bought a potion of might for 40 gold pieces
  1868 | D        | Bought a potion of heal wounds for 50 gold pieces
  2030 | D        | Noticed Harold
  2032 | D        | Killed Harold
  2090 | D        | Noticed Urug
  2092 | D        | Noticed Joseph
  2094 | D        | Killed Joseph
  2094 | D        | Reached skill level 18 in Invocations
  2098 | D        | Killed Urug
  2238 | D        | Got the +2 pair of boots of Thoughtfulness {Dex+3}
  2304 | D        | Noticed a five-headed hydra
  2304 | D        | Noticed an ogre mage
  2305 | D        | Reached XP level 13. HP: 112/112 MP: 26/26
  2305 | D        | Reached skill level 15 in Shields
  2309 | D        | Noticed a stone giant
  2316 | D        | Killed an 11-headed hydra
  2321 | D        | Noticed a spark wasp
  2323 | D        | Killed a spark wasp
  2326 | D        | Killed a stone giant
  2326 | D        | Reached skill level 19 in Invocations
  2327 | D        | Noticed a lich
  2330 | D        | Noticed a white very ugly thing
  2332 | D        | Noticed a centaur warrior
  2332 | D        | Killed a white very ugly thing
  2332 | D        | Killed a centaur warrior
  2335 | D        | Killed a lich
  2355 | D        | Noticed a stone giant
  2380 | D        | Killed a stone giant
  2648 | D        | Noticed Nessos
  2650 | D        | Killed Nessos
  2693 | D        | Noticed Erolcha
  2701 | D        | Killed Erolcha
  2701 | D        | Reached skill level 15 in Armour
  2701 | D        | Reached skill level 20 in Invocations
  2801 | D        | Reached skill level 15 in Fighting
  2804 | D        | Noticed a merfolk javelineer
  2831 | D        | Killed a merfolk javelineer
  2831 | D        | Reached XP level 14. HP: 90/123 MP: 25/28
  3087 | D        | Reached skill level 21 in Invocations
  3244 | D        | Noticed a spark wasp
  3244 | D        | Noticed an entropy weaver
  3261 | D        | Killed a spark wasp
  3269 | D        | Killed an entropy weaver
  3434 | D        | Noticed Snorg
  3445 | D        | Killed Snorg
  3595 | D        | Noticed a fire giant
  3595 | D        | Noticed a stone giant
  3595 | D        | Noticed a stone giant
  3595 | D        | Noticed a spark wasp
  3596 | D        | Killed a stone giant
  3596 | D        | Killed a spark wasp
  3596 | D        | Killed a fire giant
  3596 | D        | Reached skill level 22 in Invocations
  3596 | D        | Killed a stone giant
  3599 | D        | Noticed a fire giant
  3607 | D        | Killed a fire giant
  3620 | D        | Noticed a storm dragon
  3622 | D        | Noticed a fire giant
  3623 | D        | Killed a fire giant
  3623 | D        | Reached XP level 15. HP: 132/132 MP: 19/30
  3634 | D        | Killed a storm dragon
  3638 | D        | Noticed a stone giant
  3641 | D        | Noticed a stone giant
  3642 | D        | Reached skill level 23 in Invocations
  3642 | D        | Killed a stone giant
  3642 | D        | Killed a stone giant
  3824 | D        | Noticed a vault warden
  3826 | D        | Noticed an ironheart preserver
  3828 | D        | Killed a vault warden
  3837 | D        | Killed an ironheart preserver
  3847 | D        | Noticed Gloorx Vloq
  3847 | D        | Noticed Mnoleg
  3847 | D        | Reached skill level 24 in Invocations
  3848 | D        | Noticed a tentacled monstrosity
  3848 | D        | Noticed a tentacled monstrosity
  3849 | D        | Noticed an Executioner
  3850 | D        | HP: 3/135 [tentacled monstrosity[Mnoleg] (6)]
  3850 | D        | Slain by a tentacled monstrosity

Vault maps used:
D:        linesprint

Skill      XL: |  1  2  3  4  5  6  7  8  9 10 11 12 13 14 15 |
---------------+----------------------------------------------+-----
Shields        | 4 5 6 7 8 9 10 11 12 13 14 16 18 19 | 19.2
Polearms       | 3 5 6 7 8 9 11 12 14 15 16 18 20 21 | 21.6
Armour         | 4 5 6 7 8 9 10 11 12 13 15 16 17 | 17.7
Fighting       | 5 6 7 8 9 10 11 12 13 15 16 17 | 17.7
Invocations    | 2 5 8 10 12 14 16 18 20 22 24 | 24.0

Action                   |  1- 3 |  4- 6 |  7- 9 | 10-12 | 13-15 || total
-------------------------+-------+-------+-------+-------+-------++-------
Melee: Trident           |    28 |     9 |       |       |       ||    37
       Halberd           |       |     4 |    88 |   139 |       ||   231
       Glaive            |       |       |       |       |   141 ||   141
Invok: Upheaval          |       |       |     3 |    12 |    11 ||    26
       Disaster Area     |       |       |       |     8 |    18 ||    26
  Use: Potion            |     1 |     1 |     6 |     2 |     6 ||    16
       Scroll            |       |       |     2 |     3 |       ||     5
 Stab: Invisible         |       |     1 |     2 |       |       ||     3
  Eat: Chunk             |       |       |       |     5 |       ||     5
       Fruit             |       |       |       |       |    10 ||    10
Armor: Scale mail        |     3 |     1 |       |       |       ||     4
       Chain mail        |       |       |    19 |    20 |       ||    39
       Plate armour      |       |       |       |       |    62 ||    62
Dodge: Dodged            |    11 |     1 |    21 |    19 |    15 ||    67
       Deflected         |       |       |       |     1 |     3 ||     4
Block: Shield            |    13 |     6 |    49 |    82 |   143 ||   293
